 Dungeon Crawl Stone Soup version 0.20-a0-1040-gfd09691 (webtiles) character file.

133 Alarkh the Insei (level 5, 11/35 HPs)
             Began as an Octopode Transmuter on Apr 23, 2017.
             Was a Follower of Dithmenos.
             Quit the game on level 3 of the Dungeon.
             The game lasted 00:02:02 (2626 turns).

Alarkh the Insei (Octopode Transmuter)              Turns: 2626, Time: 00:02:02

Health: 11/35      AC:  1    Str:  9    XL:     5   Next: 16%
Magic:  8/8        EV: 13    Int: 16    God:    Dithmenos [*.....]
Gold:   79         SH:  0    Dex: 13    Spells: 7/8 levels left

rFire    . . .     SeeInvis .     - Unarmed
rCold    . . .     Gourm    .   (no shield)
rNeg     . . .     Faith    .   (helmet restricted)
rPois    +         Spirit   .   e - amulet of magic regeneration
rElec    .         Reflect  .   t - ring of poison resistance
rCorr    .         Harm     .   (no ring)
MR       .....                  (no ring)
Stlth    +++.......             (no ring)
Regen    0.2/turn               (no ring)
MPRegen  0.2/turn               (no ring)
                                (no ring)
                                (no ring)

@: wreathed by umbra, drained
A: almost no armour, stealthy swim, amphibious, 8 rings, constrict 8, camouflage
1, gelatinous body 1
a: Renounce Religion


You were on level 3 of the Dungeon.
You worshipped Dithmenos.
Dithmenos was aware of your devotion.
You were not hungry.

You visited 1 branch of the dungeon, and saw 3 of its levels.

You collected 79 gold pieces.

Inventory:

Missiles
 a - 49 arrows
Jewellery
 e - an amulet of magic regeneration (around mantle)
 t - a ring of poison resistance (left tentacle)
 u - an uncursed amulet of harm
Wands
 x - a wand of iceblast (10/15)
Scrolls
 d - a scroll of fog {unknown}
 i - a scroll of enchant armour
 j - a scroll of remove curse {unknown}
 k - a scroll of teleportation {unknown}
 l - a scroll of fear {unknown}
 n - a scroll of enchant weapon
 p - a scroll of recharging {unknown}
 q - 2 scrolls of immolation {unknown}
 s - a scroll of identify {unknown}
Potions
 f - 2 potions of curing {unknown}
 g - a potion of brilliance {unknown}
 h - 3 potions of haste {unknown}
 r - 2 potions of flight {unknown}
 v - a potion of degeneration {unknown}
Books
 b - a book of Changes

   Spells                             Type                      Level
   a - Beastly Appendage              Transmutation                1
   b - Sticks to Snakes               Transmutation                2
   c - Spider Form                    Transmutation/Poison         3
   d - Ice Form                       Ice/Transmutation            4
   e - Blade Hands                    Transmutation                5
Comestibles
 c - 3 bread rations
 m - 5 fruits
 o - 5 royal jellies
 w - a meat ration
 z - 11 chunks of flesh


   Skills:
 + Level 2.4(1.6) Fighting
 + Level 3.0(2.1) Dodging
 * Level 4.5(3.6) Unarmed Combat
 - Level 2.0(1.1) Spellcasting
 - Level 2.0(1.1) Transmutations


You had 7 spell levels left.
You knew the following spells:

 Your Spells              Type           Power        Failure   Level  Hunger
a - Beastly Appendage     Tmut           #.....       14%         1    ##.....


Dungeon Overview and Level Annotations

Branches:
Dungeon (3/15)

Altars:
Ashenzari
Dithmenos
Fedhas
Makhleb
Nemelex Xobeh
Qazlal
Uskayaw
Wu Jian
Zin
The Shining One


Innate Abilities, Weirdness & Mutations

You cannot wear most types of armour.
You are very stealthy in the water. (Stealth+)
You are amphibious.
You can wear up to eight rings at the same time.
You can use your tentacles to constrict eight enemies at once.
Your skin changes colour to match your surroundings (Stealth+).
Your rubbery body absorbs attacks. (AC +1, EV +1)


Message History

You constrict the orc, but do no damage.
The orc hits you but does no damage.
You tentacle-slap the orc but do no damage.
You constrict the orc, but do no damage.
You tentacle-slap the orc. You squeeze the orc.
The orc is heavily wounded.
You constrict the orc. The orc hits you but does no damage.
You tentacle-slap the orc.
You kill the orc!
Dithmenos accepts your kill.
Items here: ))) [ †††
z - 3 chunks of flesh
Items here: ))) [ ÷ ††
z - 7 chunks of flesh (gained 4)
Items here: ))) [ ÷ †
z - 11 chunks of flesh (gained 4)
Items here: ))) [ ÷ a falchion; a leather armour; a war axe; a dagger; a goblin skeleton There isn't anything to butcher here.
Are you sure you want to abandon this character and quit the game? (Confirm with "yes".)

#.##.# #.##.#
#.##.#
#.######.##.#
.........##.#
#.######.##.# #
#.##.#
#..##.######.##.#
#......@........#
#.#...####.#.####
#.. #.#.# ##
#.#.# ..... #.###
... #.#


There were no monsters in sight!

Vanquished Creatures
  An orc priest (D:3)
  Ijyb (D:3)
  2 adders (D:3)
  An ooze (D:2)
  A worm (D:2)
  A dart slug (D:1)
  2 leopard geckos
  3 orcs (D:3)
  A ball python (D:2)
  2 giant cockroaches (D:2)
  7 goblins
  4 hobgoblins
  3 quokkas
  4 bats
  A frilled lizard (D:2)
  5 kobolds
  9 rats
48 creatures vanquished.

Notes
Turn   | Place    | Note
-------+----------+-------------------------------------------
     0 | D:1      | Alarkh the Octopode Transmuter began the quest for the Orb.
     0 | D:1      | Reached XP level 1. HP: 13/13 MP: 3/3
   273 | D:1      | Found a glowing golden altar of the Shining One.
   304 | D:1      | Reached XP level 2. HP: 18/18 MP: 3/5
  1203 | D:2      | Reached XP level 3. HP: 23/24 MP: 6/6
  1355 | D:2      | Found a stormy altar of Qazlal.
  1358 | D:2      | Found a burning altar of Makhleb.
  1361 | D:2      | Found a shadowy altar of Dithmenos.
  1362 | D:2      | Found an ornate altar of the Wu Jian Council.
  1362 | D:2      | Found a hide-covered altar of Uskayaw.
  1362 | D:2      | Found a glowing silver altar of Zin.
  1364 | D:2      | Found a shattered altar of Ashenzari.
  1368 | D:2      | Found a blossoming altar of Fedhas.
  1419 | D:2      | Found a sparkling altar of Nemelex Xobeh.
  2172 | D:3      | Noticed Ijyb
  2188 | D:3      | Killed Ijyb
  2188 | D:3      | Reached skill level 4 in Unarmed Combat
  2188 | D:3      | Reached XP level 4. HP: 25/29 MP: 7/7
  2298 | D:3      | Found a faded altar of an unknown god.
  2548 | D:3      | Became a worshipper of Dithmenos the Shadowed
  2548 | D:3      | Reached * piety under Dithmenos
  2604 | D:3      | Reached XP level 5. HP: 8/35 MP: 8/8
  2626 | D:3      | Quit the game

Vault maps used:
D:1:      dpeg_arrival_windows_large_door, tso_altar
D:2:      minitemple, nemelex_diamond_rough_becter
D:3:      chequers_ecumenical_altar_simple_redux, uniq_ijyb

Skill      XL: |  1  2  3  4 |
---------------+-------------+-----
Fighting       | 2 |  2.4
Unarmed Combat | 4 |  4.5
Dodging        | 3 |  3.0
Spellcasting   | |  2.0
Transmutations | |  2.0

Action                   |  1- 3 |  4- 6 || total
-------------------------+-------+-------++-------
Melee: Unarmed           |   103 |    28 ||   131
       Constrict         |    28 |     6 ||    34
       Kick              |     7 |       ||     7
       Tentacles         |    15 |     5 ||    20
       Punch             |     2 |       ||     2
 Cast: Beastly Appendage |     5 |       ||     5
  Use: Scroll            |     2 |       ||     2
 Stab: Sleeping          |     5 |       ||     5
  Eat: Chunk             |     4 |     1 ||     5
Armor: Skin              |     7 |     1 ||     8
Dodge: Dodged            |    63 |    17 ||    80
